 Dungeon Crawl Stone Soup version 0.31.0-9-g3a7656b989 (webtiles) character file.

Game seed: 15001799535375873861

35 Gottschkopf the Conjurer (level 3, -2/19 HPs)
             Began as a Deep Elf Conjurer on Feb 4, 2024.
             Killed from afar by Natasha (4 damage)
             ... with a magic dart
             ... on level 2 of the Dungeon.
             The game lasted 00:01:40 (861 turns).

Gottschkopf the Conjurer (Deep Elf Conjurer)         Turns: 861, Time: 00:01:40

Health: -2/19      AC:  3    Str:  4    XL:     3   Next: 17%
Magic:  0/9        EV: 12    Int: 24    God:
Gold:   44         SH:  0    Dex: 13    Spells: 5/8 levels left

rFire   . . .        d - +0 dagger
rCold   . . .        (no shield)
rNeg    . . .        a - +0 robe
rPois   .            (no helmet)
rElec   .            k - +0 cloak
rCorr   .            (no gloves)
SInv    .            (no boots)
Will    .....        (no amulet)
Stlth   ++           (no ring)
HPRegen 0.23/turn    (no ring)
MPRegen 0.11/turn

%: no passive effects
@: no status effects
A: no striking features
a: no special abilities


You were on level 2 of the Dungeon.
You visited 1 branch of the dungeon, and saw 2 of its levels.

You collected 44 gold pieces.

Inventory:

Hand Weapons
 d - a +0 dagger (weapon)
Armour
 a - a +0 robe (worn)
 k - a +0 cloak (worn)
Jewellery
 l - a ring of fire
Scrolls
 f - a scroll of poison {unknown}
 h - a scroll of revelation {unknown}
 j - a scroll of identify {unknown}
 m - a scroll of teleportation {unknown}
 n - a scroll of enchant weapon {unknown}
 o - a scroll of silence {unknown}
 p - 2 scrolls of fear {unknown}
Potions
 b - a potion of magic
 c - 2 potions of curing {unknown}
 e - a potion of lignification {unknown}
 g - a potion of enlightenment {unknown}
 i - a potion of brilliance {unknown}


   Skills:
 - Level 2.4 Dodging
 - Level 2.4 Stealth
 - Level 3.0 Spellcasting
 + Level 5.6 Conjurations


You had 5 spell levels left.
You knew the following spells:

 Your Spells              Type           Power      Damage    Failure   Level
a - Magic Dart            Conj           100%       1d8       1%          1
b - Searing Ray           Conj           60%        2d6       1%          2

Your spell library contained the following spells:

 Spells                   Type           Power      Damage    Failure   Level
 Fulminant Prism          Conj/Alch      8%         3d7       34%         4
 Iskenderun's Mystic Bla  Conj/Tloc      17%        2d5       34%         4


Dungeon Overview and Level Annotations

Branches:
Dungeon (2/15)

Altars:

Annotations:
D:2 Natasha


Message History

The hobgoblin shouts!
You hear a bark!
Casting: Magic Dart (safe; 1% risk of failure)
Confirm with . or Enter, or press ? or * to list all spells.
The magic dart hits the jackal.
The jackal is severely wounded.
Casting: Magic Dart (safe; 1% risk of failure)
Confirm with . or Enter, or press ? or * to list all spells.
The magic dart hits the jackal.
You kill the jackal!
Casting: Magic Dart (safe; 1% risk of failure)
Confirm with . or Enter, or press ? or * to list all spells.
The magic dart hits Natasha.
Natasha is almost dead.
Casting: Magic Dart (safe; 1% risk of failure)
Confirm with . or Enter, or press ? or * to list all spells.
The magic dart hits Natasha.
Natasha is almost dead.
Natasha claws you! The hobgoblin misses you.
You hit Natasha but do no damage.
Natasha is almost dead.
Natasha claws you!
* * * LOW HITPOINT WARNING * * *
The hobgoblin hits you.
* * * LOW HITPOINT WARNING * * *
You hit Natasha but do no damage.
Natasha is almost dead.
Natasha casts a spell.
The hobgoblin barely misses you.
You closely miss Natasha.
Natasha is almost dead.
Natasha claws you.
* * * LOW HITPOINT WARNING * * *
The cerulean imp hits you but does no damage.
The hobgoblin hits you but does no damage.
You hit Natasha but do no damage.
Natasha is almost dead.
Natasha stares at you and mumbles some strange words.
The magic dart hits you.
You die...
Natasha curls up and begins to purr.

#....# #....#
#....#
#....##############
#..................
#...##############.
#.........##.......
#..######.##.#####.
#.@# #. #hg# #.
...5# #. ....... #.
......... #.
.......... #.
.......... #.
...........


You could see Natasha, a cerulean imp (summoned) and a hobgoblin.

Vanquished Creatures
  A dart slug (D:1)
  A ribbon worm (D:2)
  3 endoplasms (D:1)
  4 giant cockroaches (D:1)
  3 hobgoblins (D:1)
  3 jackals (D:2)
  A kobold (D:1)
  2 quokkas (D:1)
  3 ball pythons (D:1)
  3 bats
  2 frilled lizards
  2 rats (D:1)
28 creatures vanquished.

Notes
Turn   | Place    | Note
-------+----------+-------------------------------------------
     0 | D:1      | Gottschkopf the Deep Elf Conjurer began the quest for the
                  | Orb.
     0 | D:1      | Reached XP level 1. HP: 10/10 MP: 6/6
    51 | D:1      | Reached XP level 2. HP: 12/15 MP: 1/8
   157 | D:1      | Reached skill level 5 in Conjurations
   182 | D:1      | Learned a level 2 spell: Searing Ray
   748 | D:2      | Identified the +6 dagger of Punishment {antimagic, rF+
                  | Will+ Str-3 Int+2}
   797 | D:2      | Reached XP level 3. HP: 19/19 MP: 4/9
   849 | D:2      | Noticed Natasha
   861 | D:2      | Killed from afar by Natasha

Illustrated notes

Levels and vault maps discovered:
D:1:      wander_arrival_peaceful_grave, layout_basic,
          chequers_serial_rivers_room_a
D:2:      layout_basic, feat_on_display, uniq_natasha

Skill      XL: |  1  2 |
---------------+-------+-----
Conjurations   | 5 |  5.6
Dodging        | |  2.4
Stealth        | |  2.4
Spellcasting   | |  3.0

Action                     || total
---------------------------++-------
  Melee: Dagger            ||    13
   Cast: Magic Dart        ||    50
 Armour: Robe              ||    24
  Dodge: Dodged            ||    16
